Map: Daybreak LE (Void)

Players

Kairos - Winner!

  • Race: Zerg Zerg
  • League: Diamond
  • Spawn Location: 1:00

Musumeci

  • Race: Zerg Zerg
  • League: Diamond
  • Spawn Location: 7:00

VOD

Have the link to the VOD?

Description

Time

  • Played on: Dec. 22, 2016, 5:32 p.m.
  • Length: 12:52
Show
View Real Time Build Order
Export as new Build Order

Kairos Zerg - Winner!

Build Orders: Hatch First 

Get SALT Encoding   

  12  0:01  Drone  
  13  0:13  Overlord  
  13  0:18  Drone  
  14  0:24  Extractor  
  14  0:25  Drone  
  15  0:33  Drone  
  16  0:37  Drone  
  17  0:49  Drone  
  18  0:58  Hatchery  
  18  1:01  Drone  
  18  1:15  Spawning Pool  
  17  1:18  Drone  
  17  1:20  Drone  
  19  1:27  Extractor  
  19  1:30  Drone  
  19  1:41  Extractor  
  18  1:51  Overlord  
  18  1:52  Drone  
  20  2:10  Queen  
  20  2:11  Queen  
  20  2:13  Drone  
  20  2:14  Drone x2  
  27  2:17  Spine Crawler  
  26  2:23  Drone x2  
  28  2:33  Drone x2  
  30  2:46  Metabolic Boost  
  30  2:47  Queen  
  32  2:52  Queen  
  32  2:54  Drone  
  35  2:59  Overlord  
  35  3:02  Drone  
  36  3:06  Overlord  
  36  3:18  Drone  
  36  3:19  Drone x3  
  40  3:20  Drone x2  
  40  3:22  Drone  
  43  3:37  Roach Warren  
  43  3:39  Evolution Chamber, Lair  
  43  3:40  Drone  
  42  3:44  Drone x2  
  44  4:02  Drone x9  
  50  4:03  Drone  
  43  4:20  Drone x4  
  45  4:39  Zerg Missile Weapons Level 1  
  45  4:42  Extractor  
  44  4:47  Roach  
  44  4:48  Roach x2  
  50  4:56  Extractor  
  48  5:08  Roach x2, Drone  
  50  5:17  Roach  
  50  5:20  Overlord x2  
  51  5:25  Drone  
  52  5:37  Overlord x2  
  52  5:45  Glial Reconstitution  
  52  5:58  Roach x6  
  64  6:06  Drone x3  
  64  6:07  Drone  
  64  6:10  Drone  
  69  6:22  Overlord  
  69  6:23  Roach x2  
  73  6:28  Roach  
  73  6:29  Roach  
  79  6:40  Roach x4  
  85  6:52  Spine Crawler  
  84  6:55  Roach x4  
  91  7:23  Overlord x3  
  91  7:31  Zerg Missile Weapons Level 2  
  91  7:33  Drone  
  90  7:38  Hatchery  
  73  7:54  Roach  
  73  7:55  Roach x7  
  73  7:56  Roach  
  77  8:00  Drone x2  
  77  8:22  Roach  
  77  8:23  Roach x7  
  89  8:30  Roach  
  89  8:31  Roach  
  83  8:37  Burrow  
  83  8:38  Tunneling Claws  
  83  8:51  Roach x4  
  91  9:04  Roach x4  
  91  9:05  Roach  
  101  9:19  Hydralisk Den  
  96  9:36  Roach x4  
  96  9:37  Roach  
  104  9:41  Hatchery  
  97  9:46  Roach x3  
  97  9:51  Roach  
  97  9:52  Roach  
  107  9:57  Roach x2  
  111  10:21  Roach x24  
  111  10:26  Roach  
  111  10:27  Roach  
  115  10:31  Infestation Pit  
  115  10:32  Extractor  
  115  10:35  Roach x10  
  104  10:52  Roach x12  
  94  11:02  Hydralisk x5  
  94  11:03  Hydralisk x2  
  104  11:09  Spore Crawler  
  103  11:25  Hydralisk x3  
  96  11:32  Roach x2  
  91  11:42  Hydralisk x2  
  93  11:55  Roach x24, Hydralisk  
  93  12:16  Hydralisk x2  
Show
View Real Time Build Order
Export as new Build Order

Musumeci Zerg 

Build Orders: Hatch First 

Get SALT Encoding   

  12  0:02  Drone  
  13  0:09  Drone  
  14  0:17  Overlord  
  14  0:25  Drone, Extractor  
  15  0:36  Drone  
  15  0:37  Drone  
  17  0:56  Hatchery  
  16  1:00  Drone  
  17  1:11  Drone, Extractor  
  17  1:21  Spawning Pool  
  16  1:30  Evolution Chamber  
  15  1:35  Drone x2  
  15  1:36  Drone  
  18  1:49  Drone  
  20  2:07  Queen  
  22  2:11  Queen, Metabolic Boost  
  22  2:13  Drone x2  
  26  2:16  Drone  
  27  2:23  Overlord  
  27  2:27  Drone  
  28  2:36  Baneling Nest  
  28  2:37  Zergling x2  
  28  2:41  Zergling x2  
  29  2:50  Zergling x4  
  31  2:54  Zergling x4  
  33  3:02  Zergling x4  
  35  3:12  Overlord  
  35  3:17  Zergling x2  
  36  3:23  Evolution Chamber  
  35  3:30  Zergling x12  
  41  3:42  Zergling x4  
  41  3:44  Baneling x2  
  41  3:47  Baneling x2  
  38  4:05  Zergling x12  
  42  4:10  Zerg Ground Armor Level 1  
  38  4:20  Zergling x6  
  38  4:25  Zergling x2  
  36  4:39  Zergling x2  
  36  4:40  Zergling x6  
  40  4:46  Baneling x2  
  40  4:48  Zergling x4  
  42  4:54  Evolution Chamber  
  40  5:02  Zergling x4  
  34  5:15  Zergling x14  
  34  5:19  Zergling x2  
  37  5:36  Zergling x10  
  40  5:44  Zerg Melee Weapons Level 1  
  40  5:48  Drone  
  40  5:49  Drone x3  
  44  6:05  Hatchery  
  44  6:10  Zergling x2  
  44  6:11  Overlord x2  
  43  6:22  Zergling x2  
  44  6:30  Drone x7  
  51  6:46  Spine Crawler  
  50  6:47  Spine Crawler, Zergling x2  
  50  6:48  Spine Crawler, Zergling x2  
  50  6:49  Spine Crawler  
  49  6:56  Lair  
  49  7:03  Drone x3  
  49  7:29  Zergling x10  
  53  7:30  Zergling x14  
  54  7:49  Zergling x16  
  58  7:55  Extractor x2  
  52  7:59  Drone x2  
  45  8:39  Drone  
  45  8:40  Drone x10, Spire  
  51  8:56  Zergling x14  
  57  9:21  Zergling x16  
  63  9:29  Overlord  
  50  9:54  Mutalisk x7, Evolution Chamber  
  50  9:57  Evolution Chamber  
  50  9:58  Evolution Chamber  
  61  10:03  Mutalisk  
  63  10:16  Mutalisk  
  60  10:37  Mutalisk  
  60  10:53  Mutalisk x2  
  60  11:07  Overseer  
  60  11:08  Overseer  
  33  12:07  Hatchery  
  31  12:33  Extractor  
  30  12:37  Extractor  
Tags
 
Add a new tag
Caveats
  • Supply blocks, unpowered buildings, or Contaminate may cause inaccurate times.
  • Supply counts are checked every 10 seconds.